 Dungeon Crawl Stone Soup version 0.21.0 (webtiles) character file.

749 Nothus the Covert (level 7, -1/33 HPs)
             Began as a Spriggan Assassin on Jan 17, 2018.
             Was an Initiate of Dithmenos.
             Slain by a centaur (2 damage)
             ... on level 7 of the Dungeon on Jan 18, 2018.
             The game lasted 00:32:22 (7238 turns).

Nothus the Covert (Spriggan Assassin)               Turns: 7238, Time: 00:32:23

Health: -1/33      AC:  3    Str:  8    XL:     7   Next: 48%
Magic:  8/8        EV: 17    Int: 12    God:    Dithmenos [......]
Gold:   224        SH:  0    Dex: 19    Spells: 6/6 levels left

rFire    . . .     SeeInvis +   t - +2 flail (crush)
rCold    . . .     Gourm    .   (shield restricted)
rNeg     . . .     Faith    .   c - +0 robe
rPois    .         Spirit   .   (helmet restricted)
rElec    .         Reflect  .   d - +0 cloak
rCorr    .         Harm     .   (gloves unavailable)
MR       +....                  (boots unavailable)
Stlth    +++++.....             (no amulet)
HPRegen  0.11/turn              (no ring)
MPRegen  0.11/turn              (no ring)

@: very quick
A: very small, unfitting armour, see invisible, herbivore, speed 3, slow
metabolism 2
a: Renounce Religion


You were on level 7 of the Dungeon.
You worshipped Dithmenos.
Dithmenos was noncommittal.
You were not hungry.

You visited 1 branch of the dungeon, and saw 7 of its levels.
You also visited: Sewer.

You collected 224 gold pieces.

Inventory:

Hand Weapons
 a - a +2 dagger
 b - a +0 blowgun
 n - a +0 rapier
 q - a +0 hunting sling
 t - a +2 flail of crushing (weapon)
 v - a +0 falchion of electrocution
Missiles
 e - 12 poisoned needles
 f - 4 curare-tipped needles
 r - 32 sling bullets
Armour
 c - a +0 robe (worn)
 d - a +0 cloak (worn)
 x - a +2 robe of resistance
Scrolls
 i - a scroll of fog
 j - 5 scrolls of remove curse {unknown}
 k - 2 scrolls of fear {unknown}
 m - 2 scrolls of enchant armour
 p - a scroll of teleportation
Potions
 l - 2 potions of curing
 o - 3 potions of mutation {unknown}
 s - 2 potions of heal wounds {unknown}
 u - a potion of magic {unknown}
 w - a potion of brilliance {unknown}
Comestibles
 g - 8 rations


   Skills:
 - Level 1.5 Fighting
 - Level 6.3 Short Blades
 - Level 2.0 Throwing
 - Level 1.5 Dodging
 + Level 11.2 Stealth


You had 6 spell levels left.
You didn't know any spells.

Dungeon Overview and Level Annotations

Branches:
Dungeon (7/15)
 Temple: D:4-7

Altars:
Dithmenos
Makhleb
Wu Jian
Zin

Annotations:
D:2 Natasha
D:3 Grinder, Jessica, Sigmund
D:4 Eustachio; Kave's ghost, amateur TrTm
D:5 Dowan


Innate Abilities, Weirdness & Mutations

You are very small and have problems with some larger weapons.
You are too small for most types of armour.
You have supernaturally acute eyesight. (SInv)
You are a herbivore.
You cover ground extremely quickly.
You need consume almost no food.


Message History

The centaur is lightly wounded.
The centaur hits you but does no damage.
The centaur barely misses you.
The jackal barks!
You hit the centaur.
The centaur is moderately wounded.
The centaur misses you. x2
You closely miss the centaur.
The centaur is moderately wounded.
The centaur hits you. x2
* * * LOW HITPOINT WARNING * * *
You hit the centaur.
The centaur is heavily wounded.
The centaur misses you. The centaur completely misses you.
You barely miss the centaur.
The centaur is heavily wounded.
The centaur hits you.
* * * LOW HITPOINT WARNING * * *
The centaur hits you.
You die...

,,,,.#.#,,,#.##########,*,*,*,*
####.#.#,**#..c.†)†...#,*,*,*,*
.......o.....####..##.#,*,*,*,*
...#.#,#.###.#......#.#,*,*,*,*
.....#,*,,,#.#.##.###(#,*,*,*,*
...#.#,#,,,#.#.##.# #c#,*,,,*,*
.<.#,*,#.**#.#.##h# #(#,*****,*
#.##,*,#.###.#.##c# #o#,* *,*
#.#*,#.#........@.# #.#,* *,*
#..,,#.......#.######.#,* *,*
####*######..#...oc((.#,* *,* #
#..##########,* *,* #..#
*,,,,,,* *,* #..# *,****** *,*
#..# *,* *,* #..# *,* *,* #..#
*,**********,*


You could see a centaur and a jackal.

Vanquished Creatures
  A hippogriff (D:7)
  A crocodile (Sewer)
  A centaur (D:6)
  A quasit (D:4)
  A jelly (D:6)
  An orc wizard (D:4)
  An iguana (D:7)
  Natasha (D:2)
  2 worker ants (D:6)
  3 gnolls (D:3)
  7 adders
  2 river rats (D:6)
  5 worms
  2 dart slugs (D:2)
  2 leopard geckos (D:6)
  12 orcs
  5 bats
  3 giant cockroaches
  4 goblins
  8 hobgoblins
  13 jackals
  3 ball pythons
  6 frilled lizards
  10 kobolds
  6 rats
101 creatures vanquished.

Notes
Turn   | Place    | Note
-------+----------+-------------------------------------------
     0 | D:1      | Nothus the Spriggan Assassin began the quest for the Orb.
     0 | D:1      | Reached XP level 1. HP: 10/10 MP: 2/2
    40 | D:1      | Reached skill level 6 in Stealth
   377 | D:1      | Reached XP level 2. HP: 13/14 MP: 3/3
   740 | D:2      | Found a faded altar of an unknown god.
   821 | D:2      | Reached XP level 3. HP: 4/18 MP: 4/4
  1393 | D:2      | Reached skill level 7 in Stealth
  1404 | D:2      | Found a glowing silver altar of Zin.
  1497 | D:2      | Reached XP level 4. HP: 22/22 MP: 5/5
  1770 | D:2      | Noticed Natasha
  1780 | D:2      | Killed Natasha
  2249 | D:3      | Noticed Grinder
  2278 | D:2      | Noticed Natasha
  2835 | D:3      | Reached XP level 5. HP: 25/25 MP: 6/6
  3042 | D:3      | Noticed Sigmund
  3105 | D:4      | Reached skill level 5 in Short Blades
  3263 | D:3      | Noticed Jessica
  3289 | D:4      | Reached skill level 8 in Stealth
  3487 | D:4      | Noticed Eustachio
  3805 | D:4      | Noticed Kave's ghost (amateur TrTm)
  3848 | D:5      | Entered Level 5 of the Dungeon
  3919 | D:5      | Noticed Dowan
  4008 | D:5      | Noticed a centaur
  4173 | D:6      | Found a glowing drain.
  4245 | D:6      | Reached XP level 6. HP: 13/30 MP: 7/7
  4420 | Sewer    | Entered a sewer
  5672 | D:6      | Noticed an ice beast
  5815 | D:6      | Reached skill level 9 in Stealth
  6056 | D:6      | Reached XP level 7. HP: 27/33 MP: 8/8
  6476 | D:7      | Reached skill level 10 in Stealth
  6488 | D:7      | Found an ornate altar of the Wu Jian Council.
  6545 | D:7      | Found a burning altar of Makhleb.
  6545 | D:7      | Found a shadowy altar of Dithmenos.
  6548 | D:7      | Became a worshipper of Dithmenos the Shadowed
  7172 | D:7      | Noticed a hippogriff
  7221 | D:7      | Killed a hippogriff
  7221 | D:7      | Reached skill level 11 in Stealth
  7238 | D:7      | HP: 1/33 [centaur (6)]
  7238 | D:7      | Slain by a centaur

Skill      XL: |  1  2  3  4  5  6  7 |
---------------+----------------------+-----
Stealth        | 6 7 8 9 11 | 11.2
Short Blades   | 3 4 5 6 |  6.3
Fighting       | |  1.5
Throwing       | |  2.0
Dodging        | |  1.5

Action                   |  1- 3 |  4- 6 |  7- 9 || total
-------------------------+-------+-------+-------++-------
Melee: Dagger            |   115 |   187 |    32 ||   334
       Flail             |       |    29 |    23 ||    52
       Rapier            |       |    33 |       ||    33
 Fire: Blowgun           |    17 |    28 |     6 ||    51
       Hunting sling     |       |    24 |     4 ||    28
  Use: Potion            |       |     3 |       ||     3
       Scroll            |       |     5 |     2 ||     7
 Stab: Sleeping          |    11 |     7 |     3 ||    21
       Distracted        |       |       |     1 ||     1
  Eat: Ration            |       |     1 |     1 ||     2
Armor: Robe              |    19 |    32 |     6 ||    57
       Skin              |       |    14 |       ||    14
Dodge: Dodged            |    87 |   174 |    33 ||   294
